 Dungeon Crawl Stone Soup version 0.23-a0-451-g1044d4c (console) character file.

4259 FoCheiMinh the Cleaver (level 10, -3/76 HPs)
             Began as a Formicid Fighter on Nov 22, 2018.
             Was a Priest of Cheibriados.
             Slain by a two-headed ogre
             ... wielding a +0 giant club
              (13 damage)
             ... on level 8 of the Dungeon on Nov 23, 2018.
             The game lasted 00:26:34 (6929 turns).

FoCheiMinh the Cleaver (Formicid Fighter)           Turns: 6929, Time: 00:26:35

Health: -3/76      AC: 12    Str: 27    XL:     10   Next: 56%
Magic:  13/13      EV:  8    Int: 17    God:    Cheibriados [***...]
Gold:   387        SH: 12    Dex: 16    Spells: 9/9 levels left

rFire    . . .     SeeInvis +   a - +0 war axe
rCold    . . .     Gourm    .   c - +0 shield
rNeg     . . .     Faith    .   r - +0 chain mail
rPois    .         Spirit   .   (helmet unavailable)
rElec    .         Reflect  .   (no cloak)
rCorr    .         Harm     .   z - +1 pair of gloves
MR       +....                  (no boots)
Stlth    ..........             A - amulet of regeneration
HPRegen  0.62/turn              i - ring of stealth
MPRegen  0.13/turn              k - ring of teleportation (curse)

@: very slow
A: permanent stasis, dig shafts and tunnels, four strong arms, antennae 3
a: Dig, Shaft Self, Bend Time, Temporal Distortion, Renounce Religion


You were on level 8 of the Dungeon.
You worshipped Cheibriados.
Cheibriados was most pleased with you.
You were not hungry.

You visited 2 branches of the dungeon, and saw 9 of its levels.

You collected 387 gold pieces.

Inventory:

Hand Weapons
 a - a +0 war axe (weapon)
 b - a +0 shortbow
 o - a +0 hunting sling
 y - a +0 spear
 H - a +2 flail of holy wrath
Missiles
 l - 7 tomahawks (quivered)
 m - 297 stones
 s - 49 sling bullets
 t - 22 poisoned needles
 D - 188 arrows
Armour
 c - a +0 shield (worn)
 r - a +0 chain mail (worn)
 z - a +1 pair of gloves (worn)
 C - a +4 ring mail
 F - a +0 scale mail
Jewellery
 i - a ring of stealth (left hand)
 k - a cursed ring of teleportation (right hand)
 p - a +2 ring of intelligence
 A - an amulet of regeneration (around neck)
 M - a +4 amulet of reflection
Wands
 K - a wand of paralysis (8)
Scrolls
 j - 10 scrolls of identify {unknown}
 n - 3 scrolls of enchant armour {unknown}
 q - 5 scrolls of teleportation {unknown}
 v - a scroll of magic mapping {unknown}
 B - a scroll of fog {unknown}
 I - a scroll of enchant weapon {unknown}
 L - a scroll of fear {unknown}
 N - a scroll of amnesia {unknown}
Potions
 d - 2 potions of might
 e - 3 potions of mutation {unknown}
 g - 2 potions of curing
 h - a potion of degeneration {unknown}
 u - a potion of agility {unknown}
 w - a potion of flight {unknown}
 x - a potion of brilliance {unknown}
 G - a potion of ambrosia {unknown}
Comestibles
 f - 18 rations
 E - 7 chunks of flesh


   Skills:
 * Level 6.1 Fighting
 * Level 10.9 Axes
 * Level 1.8 Bows
 * Level 6.5 Armour
 + Level 1.1 Dodging
 * Level 7.2 Shields
 * Level 4.0 Invocations


You had 9 spell levels left.
You didn't know any spells.
Your spell library contained the following spells:

 Spells                   Type           Power        Failure   Level  Hunger
 Confusing Touch          Hex            #.....       87%         1    ##.....
 Confuse                  Hex            #.......     99%         3    ####...
 Gell's Gravitas          Tloc           #.........   99%         3    ####...
 Petrify                  Tmut/Erth      #.......     100%        4    #####..
 Metabolic Englaciation   Hex/Ice        #.........   100%        5    ######.
 Yara's Violent Unravell  Hex/Tmut       #.........   100%        5    ######.


Dungeon Overview and Level Annotations

Branches:
Dungeon (8/15)             Temple (1/1) D:5
   Lair: D:8-11

Altars:
Ashenzari
Cheibriados
Dithmenos
Elyvilon
Fedhas
Gozag
Hepliaklqana
Kikubaaqudgha
Makhleb
Nemelex Xobeh
Okawaru
Qazlal
Ru
Sif Muna
Trog
Uskayaw
Vehumet
Wu Jian
Xom
Yredelemnul
Zin
The Shining One

Annotations:
D:5 1 runed door, Parsimony's ghost, novice OpEE
D:6 2 runed doors, Psyclone's ghost, novice OpVM
D:8 3 runed doors, Heh's ghost, novice TeBe


Innate Abilities, Weirdness & Mutations

You cannot be hasted, slowed, berserked, paralysed or teleported.
You can dig through walls and to a lower floor.
Your four strong arms can wield two-handed weapons with a shield.
You have a pair of large antennae on your head. (SInv)


Message History

You see here a stone.
You barely miss the two-headed ogre.
The two-headed ogre hits you with a +0 giant club!!
You block the two-headed ogre's attack.
You closely miss the two-headed ogre.
The two-headed ogre barely misses you. x2
You hit the two-headed ogre but do no damage.
You block the two-headed ogre's attack.
The two-headed ogre hits you with a +0 giant club!!
You slash the two-headed ogre!
The two-headed ogre is moderately wounded.
You hit the two-headed ogre.
The two-headed ogre is moderately wounded.
The two-headed ogre hits you with a +0 giant club!
* * * LOW HITPOINT WARNING * * *
The two-headed ogre hits you with a +0 giant club!
* * * LOW HITPOINT WARNING * * *
Unknown command.
It was a potion of curing.
You feel better.
The two-headed ogre hits you with a +0 giant club!
You die...

######### #.......# #######
#.......# .....# ..##
#.......# ....# .....
#.......#####...## ...##
#...........#....##....#
#..........(@O..........
#.........####'#######+# ##
#........###?....###....
.######....#.####.....###...
..##.##....'.#.###.....###..
..###)#....#.#..###.)...###.
.###.##....#.'...###.....###
##......####.#....####'#####
...#....'....#.....#.....#.#


You could see a two-headed ogre.

Vanquished Creatures
  Grinder (D:4)
  Sigmund (D:5)
  6 yaks (D:7)
  Eustachio (D:4)
  A spriggan (D:7)
  Edmund (D:6)
  An ice beast (D:7)
  A hornet zombie (D:7)
  An ogre (D:6)
  7 centaurs
  A big kobold (D:8)
  4 bullfrogs
  4 scorpions
  2 howler monkeys
  A centaur zombie (D:7)
  A jelly (D:8)
  A bullfrog zombie (D:5)
  4 crimson imps
  4 hounds
  3 orc wizards
  A quasit (D:6)
  3 bullfrog skeletons
  4 orc priests
  A centaur skeleton (D:6)
  An iguana (D:4)
  Terence (D:2)
  5 worker ants
  A killer bee zombie (D:6)
  A hound skeleton (D:7)
  A howler monkey skeleton (D:4)
  14 adders
  7 gnolls
  2 shadow imps
  An adder skeleton (D:6)
  2 worms (D:2)
  2 dart slugs
  6 leopard geckos
  10 orcs
  9 bats
  6 giant cockroaches
  5 goblins
  5 hobgoblins
  9 jackals
  3 quokkas
  3 ball pythons
  5 frilled lizards
  3 kobolds (D:2)
  A leopard gecko zombie (D:7)
  11 rats
169 creatures vanquished.

Notes
Turn   | Place    | Note
-------+----------+-------------------------------------------
     0 | D:1      | FoCheiMinh the Formicid Fighter began the quest for the
                  | Orb.
     0 | D:1      | Reached XP level 1. HP: 18/18 MP: 1/1
    65 | D:1      | Reached XP level 2. HP: 24/24 MP: 2/2
   321 | D:1      | Reached skill level 3 in Axes
   580 | D:1      | Reached XP level 3. HP: 29/29 MP: 3/3
   696 | D:2      | Noticed Terence
   891 | D:2      | Reached skill level 4 in Axes
   891 | D:2      | Reached XP level 4. HP: 34/35 MP: 4/4
  1008 | D:2      | Killed Terence
  1327 | D:3      | Reached XP level 5. HP: 41/41 MP: 5/5
  1459 | D:3      | Reached skill level 5 in Axes
  1824 | D:3      | Found an ornate altar of the Wu Jian Council.
  2381 | D:4      | Noticed Grinder
  2421 | D:4      | Killed Grinder
  2421 | D:4      | Reached skill level 6 in Axes
  2421 | D:4      | Reached XP level 6. HP: 19/47 MP: 6/6
  2421 | D:4      | Reached XP level 7. HP: 21/52 MP: 7/7
  2616 | D:4      | Noticed Eustachio
  2727 | D:4      | Reached skill level 7 in Axes
  2997 | D:4      | Killed Eustachio
  3365 | D:5      | Entered Level 5 of the Dungeon
  3546 | D:5      | Reached XP level 8. HP: 60/60 MP: 8/8
  3589 | D:5      | Reached skill level 8 in Axes
  3717 | D:5      | Noticed Sigmund
  3741 | D:5      | Killed Sigmund
  3994 | D:5      | Noticed Parsimony's ghost (novice OpEE)
  3997 | D:5      | Found a runed door.
  4048 | D:5      | Found a staircase to the Ecumenical Temple.
  4056 | Temple   | Entered the Ecumenical Temple
  4302 | Temple   | Became a worshipper of Cheibriados the Contemplative
  4570 | D:5      | Reached skill level 5 in Armour
  4655 | D:5      | Reached skill level 5 in Shields
  4700 | D:6      | Reached skill level 1 in Invocations
  4753 | D:6      | Reached skill level 9 in Axes
  4753 | D:6      | Reached XP level 9. HP: 60/66 MP: 9/9
  4786 | D:6      | Noticed Edmund
  4843 | D:6      | Found a runed door.
  4877 | D:6      | Noticed Psyclone's ghost (novice OpVM)
  4926 | D:6      | Reached * piety under Cheibriados
  5009 | D:6      | Killed Edmund
  5014 | D:6      | Found a runed door.
  5051 | D:6      | Found a shadowy altar of Dithmenos.
  5732 | D:7      | Reached ** piety under Cheibriados
  5801 | D:7      | Reached skill level 5 in Fighting
  5801 | D:7      | Reached skill level 1 in Dodging
  5823 | D:7      | Reached skill level 10 in Axes
  5836 | D:7      | Reached XP level 10. HP: 45/74 MP: 12/12
  6053 | D:7      | Reached skill level 1 in Bows
  6686 | D:8      | Noticed Heh's ghost (novice TeBe)
  6734 | D:8      | Reached *** piety under Cheibriados
  6780 | D:8      | Found a runed gate.
  6780 | D:8      | Found a runed gate.
  6780 | D:8      | Found a runed gate.
  6917 | D:8      | Noticed a two-headed ogre
  6928 | D:8      | HP: 1/76 [two-headed ogre/+0 giant club (14)]
  6929 | D:8      | Slain by a two-headed ogre

Vault maps used:
D:1:      saegor_arrival_simple_c, serial_forest, infiniplex_forest_lined_4_way,
          infiniplex_forest_lined_3_way, infiniplex_forest_end_1,
          infiniplex_forest_clump_medium, infiniplex_forest_straight_2,
          infiniplex_forest_straight_1
D:2:      kennysheep_boxes, uniq_terence
D:3:      lemuel_doored_altar, chequers_serial_rivers_micro_c
D:4:      first_ration, uniq_grinder, uniq_eustachio
D:5:      minmay_temple_entry_glassed_door, hellmonk_ghost_happy_afterlife,
          uniq_sigmund
D:6:      ebering_ghost_sewer_f, chequers_serial_rivers_micro_e,
          nicolae_dithmenos_the_darkroom, uniq_edmund
D:7:      the_bakery
D:8:      lair_entry_dummy, gammafunk_ghost_icy, minmay_quadrilaterals
Temple:   roderic_octagonal_lattice_temple

Skill      XL: |  1  2  3  4  5  6  7  8  9 10 |
---------------+-------------------------------+-----
Axes           | 3 4 6 7 9 10 | 10.9
Shields        | 4 5 6 7 |  7.2
Armour         | 4 5 6 |  6.5
Fighting       | 4 5 6 |  6.1
Invocations    | 1 3 4 |  4.0
Dodging        | 1 |  1.1
Bows           | 1 |  1.8

Action                   |  1- 3 |  4- 6 |  7- 9 | 10-12 || total
-------------------------+-------+-------+-------+-------++-------
Melee: War axe           |    88 |   160 |   410 |   199 ||   857
 Abil: Dig               |       |     5 |    15 |     2 ||    22
  Use: Potion            |       |       |       |     1 ||     1
  Eat: Chunk             |       |     6 |     9 |     2 ||    17
       Ration            |       |       |     1 |       ||     1
Armor: Scale mail        |    50 |     8 |       |       ||    58
       Chain mail        |       |    57 |   168 |    66 ||   291
Dodge: Dodged            |    36 |    33 |    89 |    38 ||   196
Block: Shield            |    46 |    61 |   190 |    98 ||   395

Table legend:
 A = Non-vault XP
 B = Vault XP
 C = Vault XP percentage of total XP
 D = Non-vault monster count
 E = Vault monster count
 F = Vault count percentage of total count
                 A         B        C        D         E       F
            +---------+---------+-------+---------+---------+-------
      Total |    4787 |    1298 |  21.3 |     160 |       9 |   5.3
            +---------+---------+-------+---------+---------+-------
        D:1 |      30 |       0 |   0.0 |      20 |       0 |   0.0
        D:2 |      61 |      36 |  37.1 |      20 |       1 |   4.8
        D:3 |     155 |       0 |   0.0 |      22 |       0 |   0.0
        D:4 |     243 |     479 |  66.3 |      15 |       2 |  11.8
        D:5 |     688 |     223 |  24.5 |      19 |       1 |   5.0
        D:6 |     995 |     164 |  14.2 |      26 |       1 |   3.7
        D:7 |    2255 |     201 |   8.2 |      26 |       1 |   3.7
        D:8 |     360 |     195 |  35.1 |      12 |       3 |  20.0
            +---------+---------+-------+---------+---------+-------
